 Dungeon Crawl Stone Soup version 0.31.0-32-g396128a36d (webtiles) character file.

Game seed: 17230909033952753134

2772 SSird the Nimble (level 9, -3/29 HPs)
             Began as a Gnoll Wanderer on Apr 4, 2024.
             Was a Follower of Dithmenos.
             Slain by an orc warrior
             ... wielding a +0 battleaxe
              (10 damage)
             ... on level 7 of the Dungeon.
             The game lasted 00:23:39 (6553 turns).

SSird the Nimble (Gnoll Wanderer)                   Turns: 6553, Time: 00:23:39

Health: -3/29      AC:  9    Str: 13    XL:     9   Next: 70%
Magic:  4/4        EV: 19    Int: 12    God:    Dithmenos [*.....]
Gold:   168        SH:  0    Dex: 17    Spells: 14/17 levels left

rFire   . . .        a - +2 short sword (antimagic)
rCold   + . .        (no shield)
rNeg    . . .        B - melded +2 leather armour of Yzatops {rN++ Dex-5 Slay+3}
rPois   .            u - +0 helmet
rElec   +            l - +0 cloak
rCorr   .            f - +1 pair of gloves of the Unbroken {Str+3}
SInv    .            c - +0 pair of boots
Will    .....        (no amulet)
Stlth   +++          i - ring of protection from cold
HPRegen 0.24/turn    r - +4 ring of protection
MPRegen 0.09/turn

%: no passive effects
@: maw-form, weakened, wreathed by umbra
A: devouring maw, reduced hp, fangs 1, strong nose, distributed training, low MP
1
a: Begin Untransformation, Renounce Religion


You were on level 7 of the Dungeon.
You worshipped Dithmenos.
Dithmenos was aware of your devotion.
You were a creature with a mouth for a stomach.
You visited 2 branches of the dungeon, and saw 8 of its levels.

You collected 378 gold pieces.
You spent 210 gold pieces at shops.

Inventory:

Hand Weapons
 a - a +2 antimagic short sword (weapon)
 b - a +3 whip
 e - a +0 heavy long sword
 v - a +2 short sword
Missiles
 o - 2 throwing nets
 x - a boomerang
 D - a curare-tipped dart (quivered)
Armour
 c - a +0 pair of boots (worn)
 f - the +1 pair of gloves of the Unbroken (worn) {Str+3}
   (You acquired it on level 6 of the Dungeon)

   Str+3:     It affects your strength (+3).
 g - +0 steam dragon scales
 l - a +0 cloak (worn)
 u - a +0 helmet (worn)
 B - the +2 leather armour of Yzatops (melded) {rN++ Dex-5 Slay+3}
   (You bought it in a shop on level 2 of the Dungeon)

   Dex-5:     It affects your dexterity (-5).
   Slay+3:    It affects your accuracy & damage with ranged weapons and melee
   (+3).
   rN++:      It greatly protects you from negative energy.
Magical Staves
 y - a staff of fire
Jewellery
 i - a ring of protection from cold (left hand)
 k - an amulet of guardian spirit
 r - a +4 ring of protection (right hand)
 z - a ring of ice
Talismans
 E - the maw talisman of Meager Creativity (active) {rElec}
   (You found it on level 6 of the Dungeon)

   [maw talisman]

   rElec:     It insulates you from electricity.
Wands
 F - a wand of paralysis (13)
Scrolls
 d - 2 scrolls of fear
 j - 3 scrolls of identify
 m - a scroll of vulnerability
 p - a scroll of teleportation
 H - a scroll of fog
 I - a scroll of brand weapon
Potions
 h - 2 potions of brilliance
 s - 5 potions of curing


   Skills:
 + Level 5.4 Fighting
 + Level 9.8 Short Blades
 + Level 4.6 Long Blades
 + Level 4.6 Axes
 + Level 4.6 Maces & Flails
 + Level 4.6 Polearms
 + Level 4.6 Staves
 + Level 4.6 Ranged Weapons
 + Level 4.6 Throwing
 + Level 4.6 Armour
 + Level 11.4 Dodging
 + Level 4.6 Stealth
 + Level 4.6 Shields
 + Level 4.6 Unarmed Combat
 + Level 4.6 Spellcasting
 + Level 3.8 Conjurations
 + Level 3.8 Hexes
 + Level 3.8 Summonings
 + Level 3.8 Necromancy
 + Level 3.8 Translocations
 + Level 3.8 Fire Magic
 + Level 3.8 Ice Magic
 + Level 3.8 Air Magic
 + Level 3.8 Earth Magic
 + Level 3.8 Alchemy
 + Level 5.1 Invocations
 + Level 4.6 Evocations
 + Level 4.2 Shapeshifting


You had 14 spell levels left.
You knew the following spells:

 Your Spells              Type           Power      Damage    Failure   Level
a - Swiftness             Air            12%        N/A       13%         3

Your spell library contained the following spells:

 Spells                   Type           Power      Damage    Failure   Level
 Ensorcelled Hibernation  Hex/Ice        24%        N/A       6%          2
 Passwall                 Erth           12%        N/A       13%         3


Dungeon Overview and Level Annotations

Branches:
Dungeon (7/15)             Temple (1/1) D:4

Altars:
Ashenzari
Dithmenos
Fedhas
Gozag
Hepliaklqana
Kikubaaqudgha
Makhleb
Nemelex Xobeh
Qazlal
Trog
Uskayaw
Vehumet
Wu Jian
Xom
Yredelemnul
Zin

Shops:
D:2 *:[   D:3 !   D:5 ?

Annotations:
D:7 3 runed translucent doors, kftrendy's ghost, novice VSBe


Innate Abilities, Weirdness & Mutations

You are a creature with a mouth for a stomach.
Your midsection houses a second, enormous mouth.
Your maximum health is decreased, since you lack skill for your form.
You have very sharp teeth.
Your uncanny sense of smell can sniff out nearby items.
Your experience applies equally to all skills.
Your magical capacity is low. (-10% MP)


Message History

The orc warrior is lightly wounded.
The orc warrior closely misses you. The gnoll closely misses you.
A gnoll bouda comes into view. It is wielding a +0 club.
The gnoll bouda shouts!
You hit the orc warrior.
You bite the orc warrior, but do no damage.
The orc warrior is lightly wounded.
You hit the orc warrior.
You bite the orc warrior, but do no damage.
The orc warrior is moderately wounded.
The gnoll hits you from afar with a +0 spear.
You hit the orc warrior but do no damage.
You bite the orc warrior, but do no damage.
The orc warrior is moderately wounded.
The orc warrior completely misses you.
You hit the orc warrior but do no damage.
You bite the orc warrior, but do no damage.
The orc warrior is moderately wounded.
The gnoll closely misses you.
You hit the orc warrior but do no damage.
You bite the orc warrior, but do no damage.
The orc warrior is moderately wounded.
The orc warrior completely misses you.
You closely miss the orc warrior.
You bite the orc warrior, but do no damage.
The orc warrior is moderately wounded.
The gnoll closely misses you.
You barely miss the orc warrior. Your bite misses the orc warrior.
You bite the orc warrior, but do no damage.
The orc warrior is moderately wounded.
The orc warrior hits you with a +0 battleaxe!
Ouch! That really hurt!
* * * LOW HITPOINT WARNING * * *
The gnoll bouda gazes fiercely through you!
You feel your attacks grow feeble.
The gnoll bouda barks out a call to the hunt!
The gnolls pick up the pace!
The orc warrior attacks as it pursues you!
The orc warrior hits you with a +0 battleaxe!
You die...

... ...... #.. ....# #.# #.gg#
#. #.# .g. ## .#### ## #.#
#)#.#.. ....# ##.###.# #####g#
...##.#.# ##.#.##.##.##..).#
#...#.#.# # #.#........##.##o#
#..#..#.## # #...##.#####.##W#
#...#....# # ##.###.# #.##.#
#.#.##...# # #.###.#####.##.#
#........# #
#.#......>.....###.#..###.# #
#.#.#....^.............##.# #
#.#.#######.#########.###.#####
#.#.# #.# #.# #...... #.#.# #.#
#.# ####### #.#.# #.# #.# #


You could see an orc warrior, a gnoll bouda and 3 gnolls.

Vanquished Creatures
  Maurice (D:7)
  Maggie (D:6)
  Grinder (D:6)
  Sigmund (D:4)
  A water moccasin (D:7)
  An orc warrior (D:6)
  An ice beast (D:6)
  3 ogres (D:6)
  A black bear (D:6)
  2 phantoms
  A kobold brigand (D:6)
  A scorpion (D:6)
  3 hounds
  2 orc priests
  6 bombardier beetles
  2 jellies
  An iguana (D:5)
  2 orc wizards
  2 sleepcaps
  2 killer bee zombies (D:7)
  10 gnolls
  7 adders
  2 ufetubi (D:5)
  3 ribbon worms
  The ghost of Tripartite the Sneak, a weakling MfDe (D:4)
  3 dart slugs
  16 orcs
  7 ball pythons
  6 endoplasms
  3 giant cockroaches
  5 goblins
  3 hobgoblins
  4 jackals (D:2)
  5 quokkas
  7 bats
  A frilled lizard (D:2)
  6 kobolds
  A rat (D:1)
  A butterfly (D:4)
126 creatures vanquished.

Notes
Turn   | Place    | Note
-------+----------+-------------------------------------------
     0 | D:1      | Reached skill level 10 in Dodging
     0 | D:1      | SSird the Gnoll Wanderer began the quest for the Orb.
     0 | D:1      | SSird set off with the following items: a +2 short sword, a
                  | scroll of teleportation, a +0 pair of boots, a scroll of
                  | fear, a +0 robe.
     0 | D:1      | Reached XP level 1. HP: 17/17 MP: 1/1
   150 | D:1      | Reached XP level 2. HP: 23/23 MP: 2/2
   586 | D:1      | Reached XP level 3. HP: 26/28 MP: 3/3
  1005 | D:2      | Reached skill level 1 in Invocations
  1109 | D:2      | Found Wadem's Antique Armour Boutique.
  1143 | D:2      | Reached skill level 1 in Long Blades
  1143 | D:2      | Reached skill level 1 in Axes
  1143 | D:2      | Reached skill level 1 in Maces & Flails
  1143 | D:2      | Reached skill level 1 in Polearms
  1143 | D:2      | Reached skill level 1 in Staves
  1143 | D:2      | Reached skill level 1 in Ranged Weapons
  1143 | D:2      | Reached skill level 1 in Throwing
  1143 | D:2      | Reached skill level 1 in Armour
  1143 | D:2      | Reached skill level 1 in Stealth
  1143 | D:2      | Reached skill level 1 in Shields
  1143 | D:2      | Reached skill level 1 in Unarmed Combat
  1143 | D:2      | Reached skill level 1 in Spellcasting
  1143 | D:2      | Reached skill level 1 in Evocations
  1169 | D:1      | Reached skill level 1 in Shapeshifting
  1169 | D:1      | Reached XP level 4. HP: 6/34 MP: 5/5
  1305 | D:2      | Reached skill level 1 in Conjurations
  1305 | D:2      | Reached skill level 1 in Hexes
  1305 | D:2      | Reached skill level 1 in Summonings
  1305 | D:2      | Reached skill level 1 in Necromancy
  1305 | D:2      | Reached skill level 1 in Translocations
  1305 | D:2      | Reached skill level 1 in Fire Magic
  1305 | D:2      | Reached skill level 1 in Ice Magic
  1305 | D:2      | Reached skill level 1 in Air Magic
  1305 | D:2      | Reached skill level 1 in Earth Magic
  1305 | D:2      | Reached skill level 1 in Alchemy
  1645 | D:2      | Found Paergh's General Store.
  1732 | D:2      | Found Cehuzerch's Book Emporium.
  2046 | D:2      | Reached XP level 5. HP: 25/40 MP: 5/7
  2253 | D:3      | Found Woczidd's Distillery.
  2661 | D:4      | Found a radiant altar of Vehumet.
  2690 | D:4      | Reached XP level 6. HP: 47/47 MP: 8/8
  2695 | D:4      | Found an opulent altar of Gozag.
  2848 | D:4      | Found a runed translucent gate.
  2848 | D:4      | Found a runed translucent gate.
  2852 | D:4      | Noticed Tripartite's ghost (weakling MfDe)
  3028 | D:4      | Found a runed translucent gate.
  3078 | D:4      | Killed Tripartite's ghost
  3490 | D:4      | Found a staircase to the Ecumenical Temple.
  3495 | Temple   | Entered the Ecumenical Temple
  3527 | Temple   | Became a worshipper of Dithmenos the Shadowed
  3568 | D:4      | Noticed Sigmund
  3733 | D:4      | Killed Sigmund
  3734 | D:4      | Reached XP level 7. HP: 50/52 MP: 10/10
  3850 | D:5      | Entered Level 5 of the Dungeon
  4076 | D:5      | Learned a level 3 spell: Swiftness
  4558 | D:5      | Found The Oracle's Delphic Readings.
  4987 | D:2      | Bought a scorched leather armour for 210 gold pieces
  4987 | D:2      | Identified the +2 leather armour of Yzatops {rN++ Dex-5
                  | Slay+3} (You bought it in a shop on level 2 of the Dungeon)
  5137 | D:6      | Reached XP level 8. HP: 58/60 MP: 12/12
  5262 | D:6      | Noticed Grinder
  5278 | D:6      | Identified a scroll of acquirement
  5278 | D:6      | Acquired the +1 pair of gloves of the Unbroken {Str+3}
  5300 | D:6      | Killed Grinder
  5301 | D:6      | Reached skill level 11 in Dodging
  5380 | D:6      | Noticed Maggie
  5447 | D:6      | Killed Maggie
  5448 | D:6      | Reached XP level 9. HP: 37/66 MP: 4/14
  5479 | D:6      | Reached * piety under Dithmenos
  5700 | D:6      | Reached skill level 5 in Fighting
  5797 | D:6      | Identified the maw talisman of Meager Creativity {rElec}
  6228 | D:7      | Noticed Maurice
  6237 | D:7      | Maurice stole a +3 whip
  6244 | D:7      | Paralysed by Maurice for 2 turns
  6247 | D:7      | Killed Maurice
  6248 | D:7      | Reached skill level 5 in Invocations
  6341 | D:7      | Gained mutation: Your magical capacity is low. (-10% MP)
                  | [potion of mutation]
  6394 | D:7      | Found a runed translucent gate.
  6394 | D:7      | Found a runed translucent gate.
  6394 | D:7      | Found a runed translucent gate.
  6394 | D:7      | Noticed kftrendy's ghost (novice VSBe)
  6396 | D:7      | Found a basalt altar of Yredelemnul.
  6553 | D:7      | Slain by an orc warrior

Illustrated notes

Levels and vault maps discovered:
D:1:      amcnicky_arrival_gap_in_the_tavern_cellar, layout_loops_corners,
          serial_bayou_ford_a, amcnicky_mini_pool_small, nicolae_wormholes
D:2:      layout_loops_corners, serial_shops, shop, shop,
          nicolae_shop_tiny_glass
D:3:      layout_rooms, serial_shops, shop
D:4:      layout_gridville, nicolae_gozag_seed_capital,
          mainiacjoe_overflow_small_starburst, minmay_temple_entry_butterflies,
          gammafunk_ghost_split, sigmund_army
D:5:      layout_basic, nicolae_nh_oracle_at_delphi
D:6:      layout_loops_ring, uniq_grinder, uniq_maggie
D:7:      layout_loops_ring, nicolae_yredelemnul_ghost_church,
          minmay_misc_feat_square, chequers_serial_rivers_micro_a,
          uniq_jeremiah, uniq_maurice
Temple:   nicolae_temple_bog_church

Skill      XL: |  1  2  3  4  5  6  7  8  9 |
---------------+----------------------------+-----
Dodging        | 11 | 11.4
Invocations    | 1 2 3 4 5 |  5.1
Long Blades    | 1 2 3 4 |  4.6
Axes           | 1 2 3 4 |  4.6
Maces & Flails | 1 2 3 4 |  4.6
Polearms       | 1 2 3 4 |  4.6
Staves         | 1 2 3 4 |  4.6
Ranged Weapons | 1 2 3 4 |  4.6
Throwing       | 1 2 3 4 |  4.6
Armour         | 1 2 3 4 |  4.6
Stealth        | 1 2 3 4 |  4.6
Shields        | 1 2 3 4 |  4.6
Unarmed Combat | 1 2 3 4 |  4.6
Spellcasting   | 1 2 3 4 |  4.6
Evocations     | 1 2 3 4 |  4.6
Shapeshifting  | 1 2 3 4 |  4.2
Conjurations   | 1 2 3 |  3.8
Hexes          | 1 2 3 |  3.8
Summonings     | 1 2 3 |  3.8
Necromancy     | 1 2 3 |  3.8
Translocations | 1 2 3 |  3.8
Fire Magic     | 1 2 3 |  3.8
Ice Magic      | 1 2 3 |  3.8
Air Magic      | 1 2 3 |  3.8
Earth Magic    | 1 2 3 |  3.8
Alchemy        | 1 2 3 |  3.8
Fighting       | 3 4 5 |  5.4
Short Blades   | 9 |  9.8

Action                     |  1- 3 |  4- 6 |  7- 9 || total
---------------------------+-------+-------+-------++-------
  Melee: Short sword       |    87 |   260 |   370 ||   717
         Bite              |     5 |    31 |    43 ||    79
         Punch             |     1 |     3 |     8 ||    12
         Maw               |       |       |    15 ||    15
  Throw: Throwing net      |       |     1 |     1 ||     2
         Dart              |       |       |     1 ||     1
    Use: Potion            |       |     3 |     4 ||     7
         Scroll            |       |       |    12 ||    12
   Stab: Sleeping          |     2 |     6 |     7 ||    15
 Armour: Robe              |    18 |    54 |    39 ||   111
         Leather armour    |       |       |    62 ||    62
         Skin              |       |       |    10 ||    10
  Dodge: Dodged            |    49 |   158 |   167 ||   374
   Form: Maw               |       |       |     1 ||     1
